 Dungeon Crawl Stone Soup version 0.24-a0-420-g24607be9ce (webtiles) character file.

Game seed: 12776010605896310875

20 Amnesiac the Insei (level 2, -2/18 HPs)
             Began as an Octopode Transmuter on June 11, 2019.
             Slain by a hobgoblin (4 damage)
             ... on level 2 of the Dungeon.
             The game lasted 00:01:46 (340 turns).

Amnesiac the Insei (Octopode Transmuter)             Turns: 340, Time: 00:01:46

Health: -2/18      AC:  1    Str:  9    XL:     2   Next: 79%
Magic:  5/5        EV: 13    Int: 15    God:
Gold:   24         SH:  0    Dex: 12    Spells: 3/6 levels left

rFire    . . .     SeeInvis .     - Unarmed
rCold    . . .     Gourm    .   (no shield)
rNeg     . . .     Faith    .   (helmet restricted)
rPois    .         Spirit   .   (no amulet)
rElec    .         Reflect  .   (no ring)
rCorr    .         Harm     .   (no ring)
MR       .....                  (no ring)
Stlth    ++........             (no ring)
HPRegen  0.06/turn              (no ring)
MPRegen  0.09/turn              (no ring)
                                (no ring)
                                (no ring)

@: lethally poisoned (-2 -> -7)
A: almost no armour, stealthy swim, amphibious, 8 rings, constrict 8, camouflage
1, gelatinous body 1
a: no special abilities


You were on level 2 of the Dungeon.
You were not hungry.

You visited 1 branch of the dungeon, and saw 2 of its levels.

You collected 24 gold pieces.

Inventory:

Hand Weapons
 b - a +0 hunting sling
Missiles
 w - 12 arrows
Scrolls
 a - a scroll of teleportation {!r, unknown}
 e - a scroll of amnesia {!r, unknown}
Comestibles
 c - a ration


   Skills:
 + Level 1.1 Fighting
 - Level 2.0 Dodging
 - Level 3.0 Unarmed Combat
 - Level 2.5 Spellcasting
 - Level 2.6 Transmutations


You had 3 spell levels left.
You knew the following spells:

 Your Spells              Type           Power        Failure   Level  Hunger
a - Beastly Appendage     Tmut           #.....       7%          1    #......
b - Sticks to Snakes      Tmut           #.......     11%         2    ###....

Your spell library contained the following spells:

 Spells                   Type           Power        Failure   Level  Hunger
 Spider Form              Tmut/Pois      #.........   36%         3    ###....
 Ice Form                 Ice/Tmut       #.......     77%         4    #####..
 Blade Hands              Tmut           #.........   89%         5    ######.


Dungeon Overview and Level Annotations

Branches:
Dungeon (2/15)

Altars:


Innate Abilities, Weirdness & Mutations

You cannot wear most types of armour.
You are very stealthy in the water. (Stealth+)
You are amphibious.
You can wear up to eight rings at the same time.
You can use your tentacles to constrict eight enemies at once.
Your skin changes colour to match your surroundings (Stealth+).
Your rubbery body absorbs attacks. (AC +1, EV +1)


Message History

Unknown command.
You start resting.
HP restored.
You start resting.
Some of the chunks of flesh in your inventory have rotted away.
HP restored.
You slide downwards.
The hatch slams shut behind you.
Found a club and a scroll labeled CAPUVOULAS.
Unknown command.
A hobgoblin and a kobold come into view.
The kobold shouts!
The hobgoblin moves out of view.
An adder comes into view.
The hobgoblin shouts!
The adder hisses angrily.
You see here a scroll labeled CAPUVOULAS {!r}.
a - a scroll labeled CAPUVOULAS {!r} A bat comes into view.
The bat moves out of view.
You closely miss the adder. The adder barely misses you.
You barely miss the adder. You grab the adder. You squeeze the adder.
The adder is lightly wounded.
You constrict the adder. The adder bites you but does no damage.
The bat barely misses you.
You barely miss the adder.
The adder is moderately wounded.
You constrict the adder. The bat hits you. The adder barely misses you.
The kobold hits you.
You completely miss the adder.
The adder is moderately wounded.
You constrict the adder. The adder bites you.
You are poisoned.
The adder poisons you! The kobold misses you.
The bat hits you but does no damage. The adder barely misses you.
You tentacle-slap the adder.
You squeeze the adder, but do no damage.
The adder is heavily wounded.
You constrict the adder.
You feel sick. The bat barely misses you. The kobold hits you.
* * * LOW HITPOINT WARNING * * *
The adder closely misses you.
You tentacle-slap the adder.
You kill the adder!
Training target 2.5 for Transmutations reached!
Training target 2.5 for Spellcasting reached!
You need to enable at least one skill for training.
The bat hits you.
* * * LOW HITPOINT WARNING * * *
The kobold barely misses you. The hobgoblin misses you.
* * * LOW HITPOINT WARNING * * *
You feel sick. The bat misses you. The bat closely misses you.
You tentacle-slap the bat but do no damage.
* * * LOW HITPOINT WARNING * * *
You feel sick. The bat barely misses you. The bat closely misses you.
The kobold hits you.
* * * LOW HITPOINT WARNING * * *
The hobgoblin closely misses you.
All of the chunks of flesh in your inventory have rotted away.
You tentacle-slap the bat. You grab the bat.
The bat is heavily wounded.
You constrict the bat.
You kill the bat!
The kobold closely misses you. The hobgoblin hits you.
You die...

.. #...........#
..####...........#
.................#
.................#
.................#
#...............#
#............)..#
#######gK...........
.......@............
........#########...
........# ...
........# ..
........# ........#
........# ........#


You could see a hobgoblin and a kobold.

Vanquished Creatures
  An adder (D:2)
  A dart slug (D:1)
  3 bats
  3 goblins (D:1)
  A frilled lizard (D:1)
9 creatures vanquished.

Notes
Turn   | Place    | Note
-------+----------+-------------------------------------------
     0 | D:1      | Amnesiac the Octopode Transmuter began the quest for the
                  | Orb.
     0 | D:1      | Reached XP level 1. HP: 13/13 MP: 3/3
   111 | D:1      | Reached XP level 2. HP: 18/18 MP: 5/5
   115 | D:1      | Learned a level 2 spell: Sticks to Snakes
   340 | D:2      | Slain by a hobgoblin

Levels and vault maps discovered:
D:1:      shiori_arrival_maze, layout_rooms
D:2:      layout_basic

Action                   || total
-------------------------++-------
Melee: Unarmed           ||    24
       Constrict         ||     7
       Tentacles         ||     3
 Stab: Sleeping          ||     1
Armor: Skin              ||     5
Dodge: Dodged            ||    25

Table legend:
 A = Non-vault XP
 B = Vault XP
 C = Vault XP percentage of total XP
 D = Non-vault monster count
 E = Vault monster count
 F = Vault count percentage of total count
                 A         B        C        D         E       F
            +---------+---------+-------+---------+---------+-------
      Total |      29 |       0 |   0.0 |       9 |       0 |   0.0
            +---------+---------+-------+---------+---------+-------
        D:1 |      14 |       0 |   0.0 |       7 |       0 |   0.0
        D:2 |      15 |       0 |   0.0 |       2 |       0 |   0.0
            +---------+---------+-------+---------+---------+-------
